 Dungeon Crawl Stone Soup version 0.32-a0-43-g058985b245 (webtiles) character file.

Game seed: 5968325298664606613

557 pokeman the Magician (level 7, -1/39 HPs)
             Began as a Deep Elf Hedge Wizard on Feb 4, 2024.
             Frozen to death by an endoplasm (3 damage)
             ... on level 4 of the Dungeon.
             The game lasted 00:07:52 (4320 turns).

pokeman the Magician (Deep Elf Hedge Wizard)        Turns: 4320, Time: 00:07:53

Health: -1/39      AC:  3    Str:  7    XL:     7   Next: 9%
Magic:  13/20      EV: 13    Int: 21    God:
Gold:   165        SH:  0    Dex: 14    Spells: 10/21 levels left

rFire   . . .        e - +2 dagger (venom)
rCold   . . .        (no shield)
rNeg    . . .        b - +0 robe
rPois   .            c - +0 hat
rElec   .            k - +0 cloak
rCorr   .            (no gloves)
SInv    .            (no boots)
Will    .....        f - amulet of the acrobat
Stlth   ++           (no ring)
HPRegen 0.26/turn    (no ring)
MPRegen 0.17/turn

%: acrobat
@: on blink cooldown
A: no striking features
a: no special abilities


You were on level 4 of the Dungeon.
You visited 1 branch of the dungeon, and saw 4 of its levels.

You collected 165 gold pieces.

Inventory:

Hand Weapons
 e - a +2 dagger of venom (weapon)
Armour
 b - a +0 robe (worn)
 c - a +0 hat (worn)
 k - a +0 cloak (worn)
Jewellery
 f - an amulet of the acrobat (around neck)
 q - an amulet of faith
Wands
 r - a wand of charming (10)
Scrolls
 a - 2 scrolls of poison {unknown}
 h - 4 scrolls of identify {unknown}
 j - a scroll of revelation {unknown}
 l - 2 scrolls of vulnerability {unknown}
 n - a scroll of immolation {unknown}
 p - 2 scrolls of enchant armour {unknown}
Potions
 d - a potion of magic
 g - 2 potions of enlightenment {unknown}
 i - 3 potions of heal wounds {unknown}
 m - 5 potions of curing {unknown}
 o - a potion of attraction {unknown}
 s - a potion of resistance {unknown}


   Skills:
 + Level 1.9 Fighting
 - Level 1.0 Armour
 - Level 3.0 Dodging
 - Level 3.0 Stealth
 * Level 7.6 Spellcasting
 + Level 3.6 Conjurations
 - Level 1.1 Summonings
 - Level 1.1 Translocations
 - Level 1.1 Air Magic
 + Level 2.3 Earth Magic
 - Level 1.0 Alchemy


You had 10 spell levels left.
You knew the following spells:

 Your Spells              Type           Power      Damage    Failure   Level
a - Magic Dart            Conj           92%        1d7       1%          1
b - Mephitic Cloud        Conj/Alch/Air  16%        N/A       11%         3
c - Call Imp              Summ           24%        N/A       8%          2
d - Blink                 Tloc           24%        N/A       8%          2
e - Stone Arrow           Conj/Erth      40%        3d9       8%          3

Your spell library contained the following spells:

 Spells                   Type           Power      Damage    Failure   Level
 Sandblast                Erth           34%        2d9       3%          1
 Slow                     Hex            32%        N/A       9%          1
 Cigotuvi's Dreadful Rot  Necr/Alch/Air  22%        N/A       10%         2
 Passwall                 Erth           17%        N/A       10%         3
 Brom's Barrelling Bould  Conj/Erth      20%        2d4       24%         4


Dungeon Overview and Level Annotations

Branches:
Dungeon (4/15)
 Temple: D:4-7

Altars:
Nemelex Xobeh

Shops:
D:1 :   D:2 :


Message History

The bombardier beetle is engulfed in noxious fumes.
The endoplasm closely misses you. The ball python barely misses you.
The ball python constricts you.
Casting: Mephitic Cloud (dangerous; 12% risk of failure)
Confirm with . or Enter, or press ? or * to list all spells.
You escape the ball python's grasp.
You blink.
An endoplasm comes into view.
The liquid fire burns you!
* * * LOW HITPOINT WARNING * * *
Unknown command.
Casting: Blink (safe; 9% risk of failure)
Confirm with . or Enter, or press ? or * to list all spells.
Aiming: Magic Dart (safe; 1% risk of failure)
Press: ? - help, Shift-Dir - straight line, f - endoplasm, p - bombardier beetle
Aim: an endoplasm (100% to hit)
The magic dart hits the endoplasm.
The endoplasm is heavily wounded.
You kill the bombardier beetle!
The endoplasm freezes you.
You are frozen.
* * * LOW HITPOINT WARNING * * *
Casting: Magic Dart (safe; 1% risk of failure)
Confirm with . or Enter, or press ? or * to list all spells.
Aiming: Magic Dart (safe; 1% risk of failure)
Press: ? - help, Shift-Dir - straight line, f/p - endoplasm
Aim: an endoplasm (heavily wounded, 100% to hit)
The magic dart hits the endoplasm.
The endoplasm is heavily wounded.
The endoplasm barely misses you.
Unknown command.
Casting: Magic Dart (safe; 1% risk of failure)
Confirm with . or Enter, or press ? or * to list all spells.
Aiming: Magic Dart (safe; 1% risk of failure)
Press: ? - help, Shift-Dir - straight line, f/p - endoplasm
Aim: an endoplasm (heavily wounded, 100% to hit)
The magic dart hits the endoplasm.
The endoplasm is severely wounded.
The endoplasm freezes you.
You are frozen.
You die...

.........##........#
........###........#
........# #........#
........# #....☼...#
........# #...†...##
........# #..○....#
....... #....SJ.#
....... #....$..+
....... #.....@.#
....... #.....J.#
....... #.......+
....... #.......#
....... ####+##..
###### ... #.. ..#


You could see 2 endoplasms and a ball python.

Vanquished Creatures
  A black bear (D:4)
  An ogre (D:4)
  A bombardier beetle (D:4)
  A hound (D:4)
  Ijyb (D:4)
  Natasha (thrice) (D:2)
  8 gnolls
  5 adders
  4 dart slugs
  An orc (D:4)
  3 endoplasms
  5 giant cockroaches
  3 hobgoblins
  3 jackals (D:3)
  4 quokkas
  11 ball pythons
  5 bats
  A frilled lizard (D:3)
  15 goblins
  8 kobolds
  22 rats
106 creatures vanquished.

Notes
Turn   | Place    | Note
-------+----------+-------------------------------------------
     0 | D:1      | pokeman the Deep Elf Hedge Wizard began the quest for the
                  | Orb.
     0 | D:1      | Reached XP level 1. HP: 10/10 MP: 7/7
   426 | D:1      | Reached XP level 2. HP: 16/16 MP: 5/9
   466 | D:1      | Found Hullihau's Book Emporium.
   947 | D:1      | Reached skill level 5 in Spellcasting
  1374 | D:2      | Noticed Natasha
  1377 | D:2      | Reached XP level 3. HP: 19/20 MP: 6/11
  1425 | D:2      | Killed Natasha
  1426 | D:2      | Reached skill level 1 in Fighting
  1426 | D:2      | Reached skill level 1 in Armour
  1430 | D:2      | Learned a level 3 spell: Mephitic Cloud
  1433 | D:2      | Learned a level 2 spell: Blink
  1436 | D:2      | Learned a level 2 spell: Call Imp
  1553 | D:2      | Noticed Natasha
  1565 | D:2      | Killed Natasha
  1566 | D:2      | Reached XP level 4. HP: 21/25 MP: 5/13
  1625 | D:2      | Found Xugeirch's Book Shoppe.
  1704 | D:2      | Noticed Natasha
  1710 | D:2      | Killed Natasha
  1855 | D:2      | Learned a level 3 spell: Stone Arrow
  2185 | D:3      | Reached skill level 6 in Spellcasting
  2223 | D:3      | Reached XP level 5. HP: 29/29 MP: 6/15
  2511 | D:3      | Found a sparkling altar of Nemelex Xobeh.
  3025 | D:3      | Reached skill level 1 in Alchemy
  3199 | D:4      | Reached skill level 1 in Air Magic
  3199 | D:4      | Reached skill level 1 in Earth Magic
  3203 | D:4      | Reached XP level 6. HP: 30/34 MP: 12/17
  3341 | D:4      | Reached skill level 7 in Spellcasting
  3571 | D:4      | HP: 1/34 [ogre/+0 giant spiked club (33)]
  4108 | D:4      | Noticed Ijyb
  4143 | D:4      | Killed Ijyb
  4144 | D:4      | Reached XP level 7. HP: 39/39 MP: 11/20
  4318 | D:4      | HP: 1/39 [frozen (5)]
  4320 | D:4      | Frozen to death by an endoplasm

Illustrated notes

Levels and vault maps discovered:
D:1:      elethiomel_arrival_infinity_welcomes_careful_drivers,
          layout_loops_cross, serial_shops, nicolae_book_shop_shelving,
          supply_closet_lemuel
D:2:      layout_basic, serial_shops, shop_fountains, uniq_natasha
D:3:      layout_loops_cross, nemelex_xobeh_ov_fountains_minmay,
          grunt_ministairs_13, minmay_rat_hole
D:4:      kennysheep_the_goblin_king, layout_basic

Skill      XL: |  1  2  3  4  5  6 |
---------------+-------------------+-----
Spellcasting   | 5 6 7 |  7.6
Fighting       | 1 |  1.9
Armour         | 1 |  1.0
Conjurations   | 2 3 |  3.6
Stealth        | 3 |  3.0
Dodging        | 3 |  3.0
Alchemy        | 1 |  1.0
Air Magic      | 1 |  1.1
Earth Magic    | 1 2 |  2.3
Summonings     | |  1.1
Translocations | |  1.1

Action                     |  1- 3 |  4- 6 |  7- 9 || total
---------------------------+-------+-------+-------++-------
  Melee: Dagger            |    14 |    77 |     4 ||    95
   Cast: Magic Dart        |    67 |    95 |     3 ||   165
         Mephitic Cloud    |     1 |    10 |     1 ||    12
         Call Imp          |       |     1 |       ||     1
         Blink             |       |       |     1 ||     1
   Stab: Confused          |       |     4 |       ||     4
         Sleeping          |       |     1 |       ||     1
 Armour: Robe              |    12 |    48 |       ||    60
  Dodge: Dodged            |    20 |    83 |     7 ||   110

Table legend: (Time is in decaauts)
 A = Elapsed time spent in this place.
 B = Non-inter-level travel time spent in this place.
 C = Inter-level travel time spent in this place.
 D = Time resting spent in this place.
 E = Time spent auto-exploring this place.
 F = Levels seen in this place.
 G = Mean time per level.
                   A        B        C        D        E       F      G
               +--------+--------+--------+--------+--------+-----+--------+
         Total |   4328 |   4249 |     79 |      4 |   3610 |   4 | 1082.0 |
       Dungeon |   4328 |   4249 |     79 |      4 |   3610 |   4 | 1082.0 |
               +--------+--------+--------+--------+--------+-----+--------+

Top non-repeatable levels by time:
     D:1: 1249 daAuts
     D:4: 1140 daAuts
     D:3: 1100 daAuts
     D:2: 837 daAuts
